 Dungeon Crawl Stone Soup version 0.14.1 (webtiles) character file.

135 Heini the Skirmisher (level 4, -1/41 HPs)
             Began as a Hill Orc Fighter on Apr 30, 2014.
             Slain by a gnoll
             ... wielding a +2,+0 lajatang
              (4 damage)
             ... on Level 2 of the Dungeon.
             The game lasted 00:02:43 (891 turns).

Heini the Skirmisher (Hill Orc Fighter)              Turns: 891, Time: 00:02:43

HP  -1/41        AC  7     Str 19      XL: 4   Next: 10%
MP   4/4         EV  6     Int  8      God:
Gold 72          SH 18     Dex 10      Spells:  0 memorised,  3 levels left

rFire  . . .     SeeInvis .     a - +0 war axe
rCold  . . .     Clarity  .     b - +0 scale mail
rNeg   . . .     Conserve .     c - +0 shield
rPois  .         rCorr    .     (no helmet)
rElec  .         rRot     .     (no cloak)
SustAb . .       Spirit   .     (no gloves)
rMut   .         Warding  .     (no boots)
Saprov + . .     Stasis   .     (no amulet)
MR     .....                    (no ring)
                                (no ring)

@: not resistant to hostile enchantments, extremely unstealthy
A: saprovore 1
a: no special abilities


You were on level 2 of the Dungeon.
You were not hungry.

You visited 1 branch of the dungeon, and saw 2 of its levels.

You collected 72 gold pieces.

Inventory:

Hand weapons
 a - a +0,+0 war axe (weapon)
Armour
 b - a +0 scale mail (worn)
 c - a +0 shield (worn)
Comestibles
 d - a meat ration
 m - a honeycomb
 o - a bread ration
 p - a pear
 r - a chunk of rat flesh
Scrolls
 f - a scroll of random uselessness {unknown}
 g - a scroll of enchant armour {unknown}
 j - a scroll of remove curse {unknown}
 k - a scroll of enchant weapon I {unknown}
 n - a scroll of immolation {unknown}
Jewellery
 l - a cursed ring of hunger {unknown}
Potions
 e - a potion of might
 h - a potion of mutation {unknown}
 i - a potion of heal wounds {unknown}
 q - a potion of haste {unknown}
 s - 2 potions of cure mutation {unknown}
 t - a potion of paralysis {unknown}


   Skills:
 * Level 4.6 Fighting
 * Level 3.1 Axes
 * Level 4.3 Armour
 - Level 3.2 Shields


You had 3 spell levels left.
You didn't know any spells.

Dungeon Overview and Level Annotations

Branches:
Dungeon (2/15)

Altars:
Makhleb
Zin


Innate Abilities, Weirdness & Mutations

You can tolerate rotten meat.


Message History

You slash the kobold!
You kill the kobold!
The gnoll barely misses you.
You see here a hand axe.
You closely miss the gnoll. The gnoll hits you with a halberd!
The gnoll hits you but does no damage. You block the gnoll's attack.
You hit the gnoll but do no damage. The gnoll hits you but does no damage.
The gnoll completely misses you. The gnoll hits you but does no damage.
Your shield and scale mail prevent you from hitting the gnoll.
You block the gnoll's attack. The gnoll barely misses you.
The gnoll barely misses you. The gnoll hits you but does no damage.
You closely miss the gnoll. The gnoll hits you with a lajatang.
* * * LOW HITPOINT WARNING * * *
The gnoll hits you from afar with a spear.
* * * LOW HITPOINT WARNING * * *
You block the gnoll's attack. x2
You slash the gnoll!
The gnoll is heavily wounded.
The gnoll hits you with a lajatang.
You die...

#.#......###.......gg####...##
#.###...## ##.......## ##[##
#.# ...# ##.....## #..# #.#
##.# ##...## ##.# #.# .# ##'##
.. #.# #g# )## #.. #g#######
### ##g#....... # ##.@g.#
#.....# ##....# ......#
..###.### # ## #.# # #.# #.#
...


You could see 4 gnolls.

Vanquished Creatures
  3 adders (D:2)
  A giant gecko (D:1)
  3 bats (D:1)
  4 giant cockroaches (D:1)
  4 goblins
  4 hobgoblins (D:1)
  4 jackals (D:2)
  4 kobolds
  A giant newt (D:2)
  5 rats
33 creatures vanquished.

Notes
Turn   | Place    | Note
--------------------------------------------------------------
     0 | D:1      | Heini, the Hill Orc Fighter, began the quest for the Orb.
     0 | D:1      | Reached XP level 1. HP: 19/19 MP: 1/1
     2 | D:1      | Noticed Eloepel the pandemonium lord
     2 | D:1      | Noticed an iron imp
     3 | D:1      | Noticed an orange demon
     5 | D:1      | Noticed an Executioner
   184 | D:1      | Reached XP level 2. HP: 20/27 MP: 2/2
   223 | D:1      | Reached skill level 4 in Fighting
   385 | D:1      | Reached XP level 3. HP: 33/33 MP: 3/3
   549 | D:1      | Noticed a chaos spawn
   551 | D:1      | Noticed a reaper
   675 | D:2      | Found a burning altar of Makhleb.
   677 | D:2      | Found a glowing silver altar of Zin.
   677 | D:2      | Noticed an angel
   678 | D:2      | Noticed an Executioner
   809 | D:2      | Reached XP level 4. HP: 28/41 MP: 4/4
   891 | D:2      | Slain by a gnoll

Action                   |  1- 3 |  4- 6 || total
-------------------------+-------+-------++-------
Melee: War axe           |   114 |    12 ||   126
